 Dungeon Crawl Stone Soup version 0.32-a0-841-g4648e6c457 (console) character file.

Game seed: 7902306470885062759

12 petzl the Sneak (level 2, -2/23 (24) HPs)
             Began as a Formicid Delver on Mar 26, 2024.
             Succumbed to a water moccasin's poison
             ... on level 4 of the Dungeon.
             The game lasted 00:02:34 (504 turns).

petzl the Sneak (Formicid Delver)                    Turns: 504, Time: 00:02:34

HP:   -2/23 (24)    AC:  3    Str: 16    XL:     2   Next: 45%
MP:   4/4           EV: 11    Int:  9    God:
Gold: 8             SH:  0    Dex: 15    Spells: 4/4 levels left

rFire   . . .        a - +0 mace
rCold   . . .        (no shield)
rNeg    . . .        b - +0 leather armour
rPois   .            (helmet unavailable)
rElec   .            (no cloak)
rCorr   .            (no gloves)
SInv    +            (no boots)
Will    .....        (no amulet)
Stlth   +++          (no ring)
HPRegen 0.23/turn    (no ring)
MPRegen 0.09/turn

%: no passive effects
@: lethally poisoned (-2 -> -27), lightly drained
A: permanent stasis, dig shafts and tunnels, antennae 3, four strong arms
a: Dig, Shaft Self


You were on level 4 of the Dungeon.
You visited 1 branch of the dungeon, and saw 3 of its levels.

You collected 8 gold pieces.

Inventory:

Hand Weapons
 a - a +0 mace (weapon)
Armour
 b - a +0 leather armour (worn)
Wands
 f - a wand of digging (3)
Scrolls
 c - a scroll of fog
 d - a scroll of revelation


   Skills:
 - Level 3.3 Fighting
 - Level 2.0 Maces & Flails
 - Level 1.8 Dodging
 - Level 6.0 Stealth
 + Level 1.6 Spellcasting


You had 4 spell levels left.
You didn't know any spells.
Your spell library was empty.

Dungeon Overview and Level Annotations

Branches:
Dungeon (6/15)
 Temple: D:4-7

Altars:
Gozag
Uskayaw
Wu Jian
Yredelemnul

Annotations:
D:4 Edmund
D:5 exclusions: downstairs, sensed monster (detected) and white imp


Innate Abilities, Weirdness & Mutations

You cannot be hasted, slowed, berserked, paralysed or teleported.
You can dig through walls and to a lower floor.
You have a pair of large antennae on your head. (SInv)
Your four strong arms can wield two-handed weapons with a shield.


Message History

Magic restored.
You start resting.
HP restored.
A white imp comes into view.
Found a hide-covered altar of Uskayaw.
Press: ? - help, . - travel You can't see that place. [the floor.] Placed new exclusion.
Unknown command.
You extend your mandibles.
You dig through the rock wall.
You feel drained.
You retract your mandibles.
Found a stone staircase leading up.
An iguana comes into view.
Found an ornate altar of the Wu Jian Council and a basalt altar of Yredelemnul.
The iguana moves out of view.
There is a stone staircase leading up here.
You climb upwards.
Level annotation: Edmund The water moccasin hisses angrily.
The water moccasin bites you.
You are poisoned.
The water moccasin poisons you!
There is a stone staircase leading down here.
You barely miss the water moccasin.
You feel very sick. The water moccasin bites you.
The water moccasin barely misses you.
You barely miss the water moccasin.
You feel sick. The water moccasin barely misses you.
The water moccasin bites you.
You feel sick.
You closely miss the water moccasin.
You feel sick. The water moccasin bites you.
* * * LOW HITPOINT WARNING * * *
You are lethally poisoned!
The water moccasin poisons you! The water moccasin bites you.
* * * LOW HITPOINT WARNING * * *
You are more poisoned.
The water moccasin poisons you!
You closely miss the water moccasin.
You die...

#+##### .
#..>..##....
#..S@......#
#..........#
#.............@.#
#.....##........#
###+### .......#
.##...# ##...#
#...# #...#
####### #...#
#.....# #...#
#.....#######...#
#......#....#...#
#......#....'...#
#......#....#...#
#....###...##...#
#....###...######
#...........#
#...........#


You could see a water moccasin.

Vanquished Creatures
  An adder (D:5)
  An orc (D:5)
  A kobold (D:4)
3 creatures vanquished.

Notes
Turn   | Place    | Note
-------+----------+-------------------------------------------
     0 | D:5      | petzl the Formicid Delver began the quest for the Orb.
     0 | D:5      | Reached XP level 1. HP: 18/18 MP: 1/1
     1 | D:6      | Noticed an orc wizard
     4 | D:6      | Noticed an iguana
    29 | D:5      | Noticed a bombardier beetle
    38 | D:5      | Noticed a scorpion
    82 | D:5      | Found an opulent altar of Gozag.
   198 | D:4      | Noticed Edmund
   290 | D:6      | Noticed a centaur
   290 | D:6      | Noticed a sleepcap
   327 | D:5      | Noticed a jelly
   396 | D:5      | Reached skill level 1 in Spellcasting
   396 | D:5      | Reached XP level 2. HP: 10/24 MP: 1/4
   487 | D:5      | Found a hide-covered altar of Uskayaw.
   497 | D:5      | Found an ornate altar of the Wu Jian Council.
   497 | D:5      | Found a basalt altar of Yredelemnul.
   499 | D:4      | Noticed a water moccasin
   504 | D:4      | Succumbed to a water moccasin's poison

Illustrated notes

Levels and vault maps discovered:
D:4:      layout_gridville, uniq_edmund
D:5:      layout_loops_ring, grunt_temple_overflow_open,
          mainiacjoe_overflow_catwalk, nicolae_concentric_dashed_squares_wild
D:6:      layout_basic, minmay_temple_entry_fiery,
          nicolae_ossuary_entry_catacombs, uniq_sigmund, uniq_duvessa,
          uniq_jeremiah

Skill      XL: |  1 |
---------------+----+-----
Spellcasting   | 1 |  1.6
Fighting       | |  3.3
Maces & Flails | |  2.0
Dodging        | |  1.8
Stealth        | |  6.0

Action                     || total
---------------------------++-------
  Melee: Mace              ||    14
Ability: Dig               ||     1
    Use: Scroll            ||     1
   Stab: Sleeping          ||     1
 Armour: Leather armour    ||    13
  Dodge: Dodged            ||     8

Table legend: (Time is in decaauts)
 A = Elapsed time spent in this place.
 B = Non-inter-level travel time spent in this place.
 C = Inter-level travel time spent in this place.
 D = Time resting spent in this place.
 E = Time spent auto-exploring this place.
 F = Levels seen in this place.
 G = Mean time per level.
                   A        B        C        D        E       F      G
               +--------+--------+--------+--------+--------+-----+--------+
         Total |    507 |    507 |      0 |     70 |     43 |   3 |  169.0 |
       Dungeon |    507 |    507 |      0 |     70 |     43 |   3 |  169.0 |
               +--------+--------+--------+--------+--------+-----+--------+

Top non-repeatable levels by time:
     D:5: 431 daAuts
     D:4: 68 daAuts
     D:6: 8 daAuts
